 Dungeon Crawl Stone Soup version 0.28.0-47-ge53b351184 (webtiles) character file.

Game seed: 5966981418806874964

13131 pkoi the Martial Artist (level 11, -9/81 (89) HPs)
             Began as a Demigod Gladiator on May 2, 2022.
             Mangled by Urug
             ... wielding a +5 halberd of flaming
              (17 damage)
             ... on level 1 of the Lair of Beasts.
             The game lasted 00:27:59 (16722 turns).

pkoi the Martial Artist (Demigod Gladiator)        Turns: 16722, Time: 00:28:00

HP:   -9/81 (89)    AC: 32    Str: 24    XL:     11   Next: 44%
MP:   20/20         EV:  9    Int: 28    God:
Gold: 456           SH:  0    Dex: 17    Spells: 9/18 levels left

rFire   + + +      SeeInvis .   k - +4 dagger of the Pits of Slime {venom, rC- Str+2 Dex+2}
rCold   x . .      Faith    .   (no shield)
rNeg    . . .      Spirit   .   p - +10 plate armour of Feivvur {+Blink +Inv Str+7}
rPois   .          Reflect  .   J - +2 hat
rElec   .          Harm     .   q - +0 cloak
rCorr   .          Rampage  .   n - +2 pair of gloves
Will    ++...                   H - +1 pair of boots "Lokocih" {rF++ Int+6}
Stlth   ..........              (no amulet)
HPRegen 0.23/turn               h - ring of protection from fire
MPRegen 0.17/turn               A - ring of willpower

@: drained
A: high MP 1, forlorn, divine attributes
a: Evoke Blink, Evoke Invisibility


You were on level 1 of the Lair of Beasts.
You visited 3 branches of the dungeon, and saw 12 of its levels.

You collected 538 gold pieces.
You spent 82 gold pieces at shops.

Inventory:

Hand Weapons
 d - a +1 dagger of venom
 k - the +4 dagger of the Pits of Slime (weapon) {venom, rC- Str+2 Dex+2}
   (You found it on level 9 of the Dungeon)

   It poisons the flesh of those it strikes.
   Str:       It affects your strength (+2).
   Dex:       It affects your dexterity (+2).
   rC:        It makes you vulnerable to cold.
 D - a +1 dagger of electrocution
 F - a +2 trident of venom
Missiles
 c - 3 throwing nets
 x - 11 poisoned darts (quivered)
Armour
 b - a +0 helmet
 n - a +2 pair of gloves (worn)
 p - the +10 plate armour of Feivvur (worn) {+Blink +Inv Str+7}
   (You found it on level 3 of the Dungeon)

   Str:       It affects your strength (+7).
   +Inv:      It lets you turn invisible.
   +Blink:    It lets you blink.
 q - a +0 cloak (worn)
 w - an orb of light
 H - the +1 pair of boots "Lokocih" (worn) {rF++ Int+6}
   (You acquired it on level 9 of the Dungeon)

   Int:       It affects your intelligence (+6).
   rF:        It greatly protects you from fire.
 J - a +2 hat (worn)
Jewellery
 h - a ring of protection from fire (left hand)
 l - a ring of see invisible
 o - a ring of ice
 A - a ring of willpower (right hand)
Wands
 m - a wand of polymorph (6)
 B - a wand of flame (12)
Scrolls
 a - a scroll of magic mapping
 j - 3 scrolls of teleportation
 s - a scroll of immolation
 t - 2 scrolls of blinking
 u - a scroll of enchant weapon
 y - 3 scrolls of fear
 C - a scroll of identify
 E - a scroll of amnesia
 I - a scroll of silence
Potions
 e - 3 potions of curing
 f - a potion of invisibility
 g - 2 potions of haste
 i - a potion of flight
 r - 2 potions of ambrosia
 v - a potion of magic
 z - 2 potions of lignification
 G - a potion of heal wounds


   Skills:
 - Level 6.0 Fighting
 - Level 1.7 Throwing
 + Level 7.2 Armour
 + Level 4.0 Dodging
 * Level 11.5 Unarmed Combat
 + Level 4.0 Spellcasting
 - Level 1.2 Conjurations
 - Level 1.2 Hexes
 - Level 4.2 Translocations
 - Level 1.2 Ice Magic
 - Level 6.0 Evocations


You had 9 spell levels left.
You knew the following spells:

 Your Spells              Type           Power      Damage    Failure   Level
a - Blink                 Tloc           58%        N/A       26%         2
b - Frozen Ramparts       Ice            24%        1d4       87%         3
c - Fulminant Prism       Conj/Hex       6%         3d7       99%         4

Your spell library contained the following spells:

 Spells                   Type           Power      Damage    Failure   Level
 Lesser Beckoning         Tloc           29%        N/A       47%         3
 Animate Skeleton         Necr           10%        N/A       69%         1
 Pain                     Necr           20%        1d5       69%         1
 Static Discharge         Conj/Air       9%         N/A       75%         2
 Vampiric Draining        Necr           5%         2d6       96%         3
 Iskenderun's Mystic Bla  Conj/Tloc      21%        2d6       97%         4
 Manifold Assault         Tloc           29%        N/A       99%         5
 Ice Form                 Ice/Tmut       9%         N/A       100%        4
 Summon Ice Beast         Ice/Summ       9%         N/A       100%        4
 Lee's Rapid Deconstruct  Erth           2%         3d6*      100%        5
 Lightning Bolt           Conj/Air       4%         1d16      100%        5
 Summon Forest            Summ/Tloc      8%         N/A       100%        5
 Summon Mana Viper        Hex/Summ       9%         N/A       100%        5
 Eringya's Noxious Bog    Tmut/Pois      2%         N/A       100%        6
 Monstrous Menagerie      Summ           2%         N/A       100%        7
 Summon Hydra             Summ           2%         N/A       100%        7
 Maxwell's Capacitive Co  Air            2%         ∞         100%        8


Dungeon Overview and Level Annotations

Branches:
Dungeon (10/15)            Temple (1/1) D:7            Lair (1/6) D:8
    Orc: D:9-12

Shops:
D:1 *   D:2 (   D:4 :   D:5 *=??

Annotations:
Lair:1 1 runed translucent door, Malificent's ghost, journeyman FoAK; Urug


Innate Abilities, Weirdness & Mutations

You have an increased reservoir of magic. (+10% MP)
You shall have no god before yourself.
Your divine heritage dramatically boosts your attributes as you level up.


Message History

Urug winks... or blinks.
Urug hits you but does no damage.
You hit Urug but do no damage.
Urug is lightly wounded.
Urug hits you with a +5 halberd of flaming.
You hit Urug but do no damage. Your punch misses Urug.
Urug is lightly wounded.
You closely miss Urug.
Urug is moderately wounded.
Urug hits you with a +5 halberd of flaming!
* * * LOW HITPOINT WARNING * * *
You pummel Urug!! Your punch misses Urug.
Urug is heavily wounded.
Urug closely misses you.
You feel stronger.
You feel agile.
The +4 dagger of the Pits of Slime {venom, rC- Str+2 Dex+2} begins to drip with poison!
k - the +4 dagger of the Pits of Slime (weapon)
{venom, rC- Str+2 Dex+2} Urug hits you with a +5 halberd of flaming!
* * * LOW HITPOINT WARNING * * *
You hit Urug.
Urug is heavily wounded.
Urug hits you with a +5 halberd of flaming!
* * * LOW HITPOINT WARNING * * *
Urug burns you.
* * * LOW HITPOINT WARNING * * *
You hit Urug.
Urug looks as sick as possible!
Your punch misses Urug.
Urug is severely wounded.
Urug hits you with a +5 halberd of flaming!
* * * LOW HITPOINT WARNING * * *
Urug burns you.
* * * LOW HITPOINT WARNING * * *
You miss Urug. You punch Urug, but do no damage.
Urug is severely wounded.
Urug hits you but does no damage.
Urug hits you from afar with a +5 halberd of flaming!
* * * LOW HITPOINT WARNING * * *
Urug burns you.
* * * LOW HITPOINT WARNING * * *
Urug hits you from afar with a +5 halberd of flaming!
You die...

##...###.........##...........#
#.....#...........##.........##
.###...###.........###......Y...#
.......# #.........# #...###...##
.......###.....<...# #..Y###.Y.##
.......#.#....÷....# #.Y.##.....#
.##P..[.......o....###...###.Y.##
. ##.........#PP...P#....# #...#
#........>###@........# #...#
#...###...##P.........# #...#
#....###...##P.........###.(.#
##...##P...###.........##....#
#...###...# #........)###...#
#... #...###.........P##...#
#!...##........>.#....#
#...P##.........###...#
#....##... ##...#


You could see Urug (extremely poisoned).

Vanquished Creatures
  Gastronok (Lair:1)
  2 two-headed ogres (D:8)
  A tengu warrior (D:9)
  A salamander (shapeshifter) (D:9)
  A cane toad (Lair:1)
  Maggie (D:8)
  A troll (D:6)
  2 hornets
  A shadow (D:9)
  25 yaks
  Sigmund (D:5)
  3 steam dragons
  6 water moccasins
  2 ice beasts
  A black bear (D:8)
  7 orc warriors
  4 centaurs
  2 necrophages
  3 ogres
  A phantom (D:5)
  A kobold brigand (D:7)
  6 bullfrogs
  A gnoll sergeant (D:4)
  A scorpion (D:8)
  A wyvern skeleton (D:6)
  2 water moccasin zombies
  A killer bee (D:7)
  4 wights (D:8)
  3 howler monkeys
  An electric eel (D:6)
  2 centaur zombies
  2 bullfrog zombies
  2 hounds
  2 gnoll shamans
  2 jellies
  2 bullfrog skeletons
  2 orc priests
  3 iguanas
  4 orc wizards
  3 killer bee zombies (D:7)
  A hound skeleton (D:5)
  13 gnolls
  9 adders
  2 white imps
  An ufetubus (D:6)
  2 adder skeletons
  3 worms
  4 dart slugs
  32 orcs
  10 ball pythons
  13 endoplasms
  7 giant cockroaches
  6 goblins
  7 hobgoblins
  9 jackals
  13 kobolds
  2 quokkas
  2 bats
  4 frilled lizards
  7 rats
258 creatures vanquished.

Vanquished Creatures (others)
  A hobgoblin (D:3)
  15 fungi (D:8)
  33 plants
49 creatures vanquished.

Grand Total: 307 creatures vanquished

Notes
Turn   | Place    | Note
-------+----------+-------------------------------------------
     0 | D:1      | pkoi the Demigod Gladiator began the quest for the Orb.
     0 | D:1      | Reached XP level 1. HP: 17/17 MP: 3/3
   178 | D:1      | Found Ocwit's General Store.
   228 | D:1      | Noticed a floating eye
   233 | D:1      | Noticed a great orb of eyes
   233 | D:1      | Noticed a floating eye
   233 | D:1      | Noticed a shining eye
   245 | D:1      | Reached skill level 3 in Unarmed Combat
   398 | D:1      | Reached XP level 2. HP: 12/24 MP: 4/4
   408 | D:1      | HP: 1/24 [jackal (3)]
  1277 | D:2      | Reached skill level 4 in Unarmed Combat
  1277 | D:2      | Reached XP level 3. HP: 21/29 MP: 5/5
  1887 | D:2      | Found Qugekh's Weapon Shoppe.
  2243 | D:2      | Reached XP level 4. HP: 36/36 MP: 6/6
  2553 | D:3      | Learned a level 2 spell: Blink
  2849 | D:3      | Identified the +10 plate armour of Feivvur {+Blink +Inv
                  | Str+7}
  3347 | D:3      | Reached skill level 5 in Unarmed Combat
  3673 | D:4      | Noticed a water moccasin
  3702 | D:3      | Killed a water moccasin
  3703 | D:3      | Reached skill level 1 in Armour
  3703 | D:3      | Reached XP level 5. HP: 22/41 MP: 7/7
  4031 | D:4      | Reached skill level 1 in Evocations
  4186 | D:4      | Reached XP level 6. HP: 22/49 MP: 8/8
  4360 | D:4      | Found Poeserch's Self-Improvement Boutique.
  4747 | D:5      | Entered Level 5 of the Dungeon
  4747 | D:5      | Noticed a yak
  4748 | D:5      | Noticed a yak
  4748 | D:5      | Noticed a yak
  4964 | D:4      | Killed a yak
  4965 | D:4      | Reached skill level 1 in Spellcasting
  4965 | D:4      | Reached skill level 1 in Translocations
  4989 | D:4      | Killed a yak
  4990 | D:4      | Reached XP level 7. HP: 35/56 MP: 11/11
  5262 | D:4      | Killed a yak
  5263 | D:4      | Reached skill level 6 in Unarmed Combat
  5893 | D:5      | Found Xaprus's Magic Scroll Emporium.
  5897 | D:5      | Found Lejej's Magic Scroll Emporium.
  5913 | D:5      | Found Cexam's Assorted Antiques.
  5915 | D:5      | Bought a scroll of blinking for 82 gold pieces
  5917 | D:5      | Found Couhot's Jewellery Emporium.
  6072 | D:5      | Reached XP level 8. HP: 41/63 MP: 12/14
  6633 | D:5      | Noticed Sigmund
  6638 | D:5      | Killed Sigmund
  7143 | D:6      | Reached skill level 7 in Unarmed Combat
  7628 | D:6      | Noticed a troll
  7688 | D:6      | Killed a troll
  7959 | D:6      | Found the +18 Lear's hauberk
  8036 | D:6      | Reached XP level 9. HP: 63/71 MP: 16/16
  8423 | D:7      | Found a staircase to the Ecumenical Temple.
  8699 | D:7      | Reached skill level 8 in Unarmed Combat
  9467 | D:8      | Noticed a two-headed ogre
  9485 | D:8      | Killed a two-headed ogre
  9486 | D:8      | Reached skill level 5 in Fighting
  9633 | D:8      | Reached skill level 5 in Armour
  9927 | D:8      | Reached skill level 9 in Unarmed Combat
 10039 | D:8      | Noticed a red ugly thing
 10040 | D:8      | Noticed a two-headed ogre
 10318 | D:8      | Noticed Maggie
 10354 | D:8      | Reached XP level 10. HP: 60/81 MP: 17/17
 10373 | D:8      | Killed Maggie
 10407 | D:7      | HP: 2/82 [yak (8)]
 10939 | D:8      | Reached skill level 5 in Evocations
 11129 | D:8      | Found a staircase to the Lair.
 11365 | Temple   | Entered the Ecumenical Temple
 11495 | D:9      | Reached skill level 10 in Unarmed Combat
 12584 | D:9      | Noticed a tengu warrior
 12627 | D:10     | Entered Level 10 of the Dungeon
 12937 | D:9      | Killed a tengu warrior
 13499 | D:9      | Identified a scroll of acquirement
 13500 | D:9      | Acquired the +1 pair of boots "Lokocih" {rF++ Int+6}
 13694 | D:9      | Noticed a salamander
 13706 | D:9      | Killed a salamander
 13803 | D:9      | Identified the +4 dagger of the Pits of Slime {venom, rC-
                  | Str+2 Dex+2}
 14320 | Lair:1   | Entered Level 1 of the Lair of Beasts
 14320 | Lair:1   | Noticed Gastronok
 14474 | D:8      | Reached XP level 11. HP: 43/89 MP: 19/19
 14974 | D:8      | Killed a two-headed ogre
 14975 | D:8      | Reached skill level 11 in Unarmed Combat
 15478 | D:8      | Learned a level 3 spell: Frozen Ramparts
 15483 | D:8      | Learned a level 4 spell: Fulminant Prism
 15561 | Lair:1   | Killed Gastronok
 15791 | Lair:1   | Reached skill level 1 in Conjurations
 15791 | Lair:1   | Reached skill level 1 in Hexes
 15791 | Lair:1   | Reached skill level 1 in Ice Magic
 16191 | Lair:1   | Found a runed translucent door.
 16192 | Lair:1   | Noticed Malificent's ghost (journeyman FoAK)
 16327 | Lair:1   | Noticed Urug
 16331 | Lair:1   | Paralysed by Urug for 6 turns
 16357 | Lair:1   | HP: 2/81 [Urug/+5 halberd of flaming (8)]
 16722 | Lair:1   | Mangled by Urug

Illustrated notes

Levels and vault maps discovered:
D:1:      dpeg_arrival_connections, layout_loops_ring,
          hellmonk_ecumenical_altar_watching_god, serial_shops,
          nicolae_diamond_shop
D:2:      layout_loops_ring, serial_shops, nicolae_shop_bloodbath_and_beyond,
          minmay_quantized
D:3:      minmay_octagon_keep, layout_basic,
          nicolae_kikubaaqudgha_miasma_corner, wad_orctagon
D:4:      layout_rooms, nemelex_diamond_rough_becter,
          lemuel_coloured_pillars_altar, nicolae_shop_self_help
D:5:      layout_basic, minmay_shop_grid_forest, interstate_on_off,
          lightli_minifort, uniq_sigmund
D:6:      layout_basic, mainiacjoe_overflow_boulevard, minmay_crystal_room,
          amcnicky_mini_rare_corridor_liquid, minmay_misc_feat_chi,
          nicolae_water_bricks, hellmonk_guarded_unrand_lears
D:7:      cheibrodos_quashed, layout_loops_ring, mainiacjoe_overflow_alcove_4,
          minmay_temple_entry_waves, minmay_misc_feat_roman, kennysheep_potato
D:8:      cheibrodos_barr_body, layout_loops_ring, nicolae_elyvilon_temple_path,
          grunt_lair_entry_orc_guard_hut, kennysheep_another_room, uniq_maggie
D:9:      layout_loops_cross, old_standard_altar, minmay_misc_feat_iff,
          kennysheep_just_a_vault
D:10:     layout_loops_corners, david_orc_5, uniq_grum, uniq_fannar
Temple:   nicolae_temple_no_exploring_needed
Lair:1:   layout_long_grid, basic_altar, gammafunk_ghost_grave, uniq_urug,
          uniq_gastronok

Skill      XL: |  1  2  3  4  5  6  7  8  9 10 11 |
---------------+----------------------------------+-----
Unarmed Combat | 3 4 5 6 7 9 10 11 | 11.5
Fighting       | 2 3 4 5 6 |  6.0
Armour         | 1 2 3 5 6 7 |  7.2
Dodging        | 3 4 |  4.0
Evocations     | 1 2 3 4 6 |  6.0
Spellcasting   | 1 2 3 4 |  4.0
Translocations | 1 2 3 4 |  4.2
Conjurations   | 1 |  1.2
Hexes          | 1 |  1.2
Ice Magic      | 1 |  1.2
Throwing       | |  1.7

Action                   |  1- 3 |  4- 6 |  7- 9 | 10-12 || total
-------------------------+-------+-------+-------+-------++-------
Melee: Dagger            |   145 |   216 |    79 |   169 ||   609
       Unarmed           |     4 |     5 |   415 |   315 ||   739
       Punch             |     3 |     4 |    37 |    41 ||    85
Throw: Dart              |       |       |     5 |       ||     5
 Abil: Evoke Blink       |       |       |       |     1 ||     1
       Evoke Invisibilit |       |       |       |     1 ||     1
Evoke: Wand              |       |       |     2 |     3 ||     5
  Use: Scroll            |     3 |     2 |    11 |     5 ||    21
       Potion            |     1 |       |       |     4 ||     5
 Stab: Sleeping          |     1 |       |       |       ||     1
Armor: Leather armour    |    45 |    17 |       |       ||    62
       Plate armour      |       |   106 |   405 |   358 ||   869
       Skin              |       |       |       |     4 ||     4
Dodge: Dodged            |    85 |    87 |   213 |   173 ||   558
